 Dungeon Crawl Stone Soup version 0.19.1 (webtiles) character file.

289 CanadianGator the Ruffian (level 6, -1/50 HPs)
             Began as a Minotaur Transmuter on Dec 2, 2016.
             Slain by a scorpion (8 damage)
             ... on level 4 of the Dungeon.
             The game lasted 00:06:12 (3120 turns).

CanadianGator the Ruffian (Minotaur Transmuter)     Turns: 3120, Time: 00:06:12

Health: -1/50      AC:  2    Str: 15    XL:     6   Next: 9%
Magic:  8/8        EV: 14    Int: 10    God:
Gold:   226        SH:  0    Dex: 12    Spells: 1 memorised, 7 levels left

rFire  . . .     SeeInvis .       - Unarmed
rCold  . . .     Gourm    .     b - +0 robe
rNeg   . . .     Faith    .     (no shield)
rPois  +         Spirit   .     (helmet restricted)
rElec  .         Reflect  .     (no cloak)
rCorr  .         Harm     .     (no gloves)
MR     .....                    (no boots)
Stlth  +.........               i - amulet of rage
                                q - ring of poison resistance
                                l - +1 ring of evasion

@: lethally poisoned (-1 -> -2), very slightly contaminated, starving, hasted,
very quick
A: retaliatory headbutt, horns 2
a: Evoke Berserk Rage


You were on level 4 of the Dungeon.
You were starving.

You visited 1 branch of the dungeon, and saw 4 of its levels.

You collected 226 gold pieces.

Inventory:

Missiles
 a - 64 arrows
Armour
 b - a +0 robe (worn)
Jewellery
 i - an amulet of rage (around neck)
 l - a +1 ring of evasion (left hand)
 q - a ring of poison resistance (right hand)
Wands
 p - a wand of acid (12/15)
Scrolls
 k - a scroll of remove curse {unknown}
 n - a scroll of random uselessness {unknown}
 o - a scroll of teleportation {unknown}
 r - a scroll of identify {unknown}
Potions
 g - a potion of magic
 j - a potion of curing {unknown}
Books
 c - a book of Changes

   Spells                             Type                      Level
   a - Beastly Appendage              Transmutation                1
   b - Sticks to Snakes               Transmutation                2
   c - Spider Form                    Transmutation/Poison         3
   d - Ice Form                       Ice/Transmutation            4
   e - Blade Hands                    Transmutation                5
Comestibles
 d - 4 bread rations


   Skills:
 + Level 2.8 Fighting
 * Level 3.0 Armour
 + Level 3.2 Dodging
 * Level 4.3 Unarmed Combat
 + Level 2.0 Spellcasting
 * Level 2.2 Transmutations
 + Level 1.3 Evocations


You had 7 spell levels left.
You knew the following spells:

 Your Spells              Type           Power        Failure   Level  Hunger
a - Sticks to Snakes      Tmut           #.......     21%         2    ###....


Dungeon Overview and Level Annotations

Branches:
Dungeon (4/15)
 Temple: D:4-7

Altars:

Annotations:
D:4 vicissi's ghost, amateur HOFi


Innate Abilities, Weirdness & Mutations

You reflexively headbutt those who attack you in melee.
You have a pair of horns on your head.


Message History

You closely miss the adder.
The adder is almost dead.
The adder barely misses you.
You hit the adder but do no damage.
The adder is almost dead.
As you read the scroll labeled INEKKABLIM, it crumbles to dust.
It is a scroll of enchant weapon.
You aren't carrying any weapons that can be enchanted.
The adder barely misses you. You furiously retaliate!
You headbutt the adder.
You kill the adder!
As you read the scroll labeled NEHAYSTEJO, it crumbles to dust.
You hear a loud clanging noise!
It was a scroll of noise.
You feel sick.
You hear a shout! x3; You hear an angry hiss.
You hear a shout!
You hear an angry hiss.
You hear a bark!
As you read the scroll labeled UDUOF QYNIO, it crumbles to dust.
You assume a fearsome visage.
The scorpion resists with some effort.
Vicissi's ghost is unaffected.
It was a scroll of fear.
The scorpion stings you!
You die...

##.....###
.#
.........##.
..........
#$......#
#S.....#
#.....#
#..)..###
#<.Ws@#
#..##.#
.....##<#
####.##...
#.. .#..
.###. .## ..
.. ## .. ##


You could see a scorpion, vicissi's ghost and a ball python.

Vanquished Creatures
  An ogre (D:4)
  A gnoll shaman (D:3)
  6 gnolls
  5 adders
  2 worms (D:3)
  A dart slug (D:1)
  7 giant cockroaches
  6 hobgoblins
  2 jackals (D:2)
  A quokka (D:2)
  A ball python (D:1)
  14 bats
  2 frilled lizards
  9 goblins
  10 kobolds
  7 rats
75 creatures vanquished.

Vanquished Creatures (others)
  2 plants (D:3)
2 creatures vanquished.

Grand Total: 77 creatures vanquished

Notes
Turn   | Place    | Note
-------+----------+-------------------------------------------
     0 | D:1      | CanadianGator the Minotaur Transmuter began the quest for the Orb.
     0 | D:1      | Reached XP level 1. HP: 16/16 MP: 1/1
   214 | D:1      | Reached XP level 2. HP: 18/23 MP: 3/3
   234 | D:1      | Reached skill level 1 in Armour
   688 | D:1      | Reached XP level 3. HP: 29/29 MP: 4/4
  1410 | D:2      | Reached XP level 4. HP: 36/36 MP: 5/5
  2023 | D:3      | Reached skill level 4 in Unarmed Combat
  2159 | D:3      | Reached skill level 1 in Evocations
  2159 | D:3      | Reached XP level 5. HP: 42/42 MP: 6/6
  2182 | D:3      | Learned a level 2 spell: Sticks to Snakes
  3086 | D:4      | Noticed an ogre
  3093 | D:4      | Killed an ogre
  3093 | D:4      | Reached XP level 6. HP: 50/50 MP: 6/8
  3111 | D:4      | Noticed vicissi's ghost (amateur HOFi)
  3120 | D:4      | Slain by a scorpion

Skill      XL: |  1  2  3  4  5 |
---------------+----------------+-----
Armour         | 1 2 3 |  3.0
Fighting       | 2 |  2.8
Transmutations | 2 |  2.2
Unarmed Combat | 4 |  4.3
Dodging        | 3 |  3.2
Evocations     | 1 |  1.3
Spellcasting   | 2 |  2.0

Action                   |  1- 3 |  4- 6 || total
-------------------------+-------+-------++-------
Melee: Unarmed           |   104 |   124 ||   228
       Headbutt          |    15 |    12 ||    27
       Punch             |     1 |     2 ||     3
 Abil: Evoke Berserk Rag |       |     1 ||     1
  Use: Potion            |       |     3 ||     3
       Scroll            |       |     5 ||     5
 Stab: Sleeping          |     1 |       ||     1
  Eat: Chunk             |       |     6 ||     6
Armor: Robe              |    16 |    12 ||    28
Dodge: Dodged            |    65 |    89 ||   154
